SKY
CHICAGO WHITE SOX @ VANCOUVER CASCADES
05/28/2052
 
TOP OF THE 1ST
Chicago White Sox batting - Pitching for Vancouver Cascades : RHP Dewitt Harris
Pitching: RHP Dewitt Harris
Batting: SHB Nicodemo Alcorta 0-0: Swinging Strike
0-1: Called Strike
0-2: Foul Ball, location: 7LDF
0-2: Foul Ball, location: 5FF
0-2: Ball
1-2: Ball
2-2: Ball
3-2: Ground out 6-3 (Groundball, 6, EV 86.3 MPH)
Batting: LHB Noah DuBois 0-0: Ball
1-0: SINGLE (Groundball, 4MD, EV 95.0 MPH)
Batting: SHB Cristopher Betancourt 0-0: Ball
1-0: Called Strike
1-1: Called Strike
1-2: Foul Ball, location: 2F
1-2: Ball
2-2: Ball
3-2: Grounds into double play, 3-6-3 (Groundball, 3S, EV 87.5 MPH)
Top of the 1st over - 0 runs, 1 hit, 0 errors, 0 left on base; Chicago 0 - Vancouver 0
BOTTOM OF THE 1ST
Vancouver Cascades batting - Pitching for Chicago White Sox : LHP Lyle Lundquist
Pitching: LHP Lyle Lundquist
Batting: LHB Rey Esparza 0-0: Ball
1-0: Called Strike
1-1: Ground out 6-3 (Groundball, 6, EV 88.1 MPH)
Batting: RHB Adam Young 0-0: Called Strike
0-1: Fly out, F9 (Flyball, 9, EV 86.3 MPH)
Batting: RHB Echo Warren 0-0: Swinging Strike
0-1: Called Strike
0-2: Ball
1-2: Ball
2-2: Foul Ball, location: 5F
2-2: Foul Ball, location: 9LSF
2-2: Ball
3-2: Fly out, F8 (Flyball, 8LM, EV 98.1 MPH)
Bottom of the 1st over - 0 runs, 0 hits, 0 errors, 0 left on base; Chicago 0 - Vancouver 0
TOP OF THE 2ND
Chicago White Sox batting - Pitching for Vancouver Cascades : RHP Dewitt Harris
Batting: RHB Shaun Ferguson 0-0: Swinging Strike
0-1: Ball
1-1: Ball
2-1: Foul Ball, location: 25FF
2-2: Strikes out swinging
Batting: SHB Logan McKinnie 0-0: Ball
1-0: Called Strike
1-1: Ball
2-1: Foul Ball, location: 25F
2-2: Foul Ball, location: 5FF
2-2: Strikes out swinging
Batting: RHB Marshall Freeman 0-0: Fly out, F9 (Flyball, 89M, EV 91.9 MPH)
Top of the 2nd over - 0 runs, 0 hits, 0 errors, 0 left on base; Chicago 0 - Vancouver 0
BOTTOM OF THE 2ND
Vancouver Cascades batting - Pitching for Chicago White Sox : LHP Lyle Lundquist
Batting: SHB Beau Koss 0-0: Called Strike
0-1: Called Strike
0-2: Ball
1-2: Ball
2-2: Foul Ball, location: 9LDF
2-2: Ball
3-2: Strikes out swinging
Batting: LHB Lawrence Carla 0-0: Ball
1-0: Called Strike
1-1: Swinging Strike
1-2: Foul Ball, location: 7LSF
1-2: Foul Ball, location: 5DF
1-2: Ball
2-2: Ball
3-2: Fly out, F9 (Flyball, 9LSF, EV 74.4 MPH)
Batting: RHB Juan Izquierdo 0-0: Ground out 6-3 (Groundball, 6, EV 85.0 MPH)
Bottom of the 2nd over - 0 runs, 0 hits, 0 errors, 0 left on base; Chicago 0 - Vancouver 0
TOP OF THE 3RD
Chicago White Sox batting - Pitching for Vancouver Cascades : RHP Dewitt Harris
Batting: SHB Eric Hughes 0-0: Ball
1-0: Swinging Strike
1-1: Ball
2-1: Called Strike
2-2: Fly out, F6 (Popup, 6M, EV 61.3 MPH)
Batting: RHB Jaxon DeMeuse 0-0: Foul Ball, location: 7LSF
0-1: Foul Ball, location: 9LSF
0-2: Ball
1-2: Ball
2-2: Fly out, F7 (Flyball, 7, EV 100.6 MPH)
Batting: LHB Rhett Bramwell 0-0: Called Strike
0-1: Ball
1-1: Ball
2-1: Ball
3-1: Base on Balls
Batting: SHB Nicodemo Alcorta 0-0: Ball
1-0: Ground out 6-3 (Groundball, 6M, EV 87.5 MPH)
Top of the 3rd over - 0 runs, 0 hits, 0 errors, 1 left on base; Chicago 0 - Vancouver 0
BOTTOM OF THE 3RD
Vancouver Cascades batting - Pitching for Chicago White Sox : LHP Lyle Lundquist
Batting: RHB Jessie Cochran 0-0: Called Strike
0-1: Called Strike
0-2: Foul Ball, location: 2F
0-2: Foul Ball, location: 3F
0-2: Foul Ball, location: 2F
0-2: Foul Ball, location: 9LSF
0-2: Strikes out swinging
Batting: RHB Ron Felver 0-0: Ground out 5-3 (Groundball, 56, EV 88.8 MPH)
Batting: SHB Asher Wurtz 0-0: Ball
1-0: Foul Ball, location: 9LMF
1-1: Foul Ball, location: 9LMF
1-2: DOUBLE (Flyball, 8LXD, EV 110.6 MPH)
Batting: LHB Rey Esparza 0-0: Called Strike
0-1: DOUBLE (Groundball, 5L, EV 111.3 MPH)
Asher Wurtz scores
Batting: RHB Adam Young 0-0: Swinging Strike
0-1: Ball
1-1: Ground out 4-3 (Groundball, 4, EV 103.1 MPH)
Bottom of the 3rd over - 1 run, 2 hits, 0 errors, 1 left on base; Chicago 0 - Vancouver 1
TOP OF THE 4TH
Chicago White Sox batting - Pitching for Vancouver Cascades : RHP Dewitt Harris
Batting: LHB Noah DuBois 0-0: Called Strike
0-1: Fly out, F7 (Flyball, 78M, EV 94.4 MPH)
Batting: SHB Cristopher Betancourt 0-0: Fly out, F4 (Popup, 34D, EV 61.9 MPH)
Batting: RHB Shaun Ferguson 0-0: Ball
1-0: Called Strike
1-1: Foul Ball, location: 9LDF
1-2: Ground out 4-3 (Groundball, 4M, EV 78.8 MPH)
Top of the 4th over - 0 runs, 0 hits, 0 errors, 0 left on base; Chicago 0 - Vancouver 1
BOTTOM OF THE 4TH
Vancouver Cascades batting - Pitching for Chicago White Sox : LHP Lyle Lundquist
Batting: RHB Echo Warren 0-0: Called Strike
0-1: Foul Ball, location: 7LMF
0-2: Ball
1-2: Foul Ball, location: 3F
1-2: Ground out 6-3 (Groundball, 6, EV 102.5 MPH)
Batting: SHB Beau Koss 0-0: Ball
1-0: Foul Ball, location: 2RF
1-1: Swinging Strike
1-2: SINGLE (Line Drive, 9S, EV 98.1 MPH)
Batting: LHB Lawrence Carla 0-0: Called Strike
0-1: Swinging Strike
0-2: Grounds into double play, 4-6-3 (Groundball, 4, EV 106.9 MPH)
Bottom of the 4th over - 0 runs, 1 hit, 0 errors, 0 left on base; Chicago 0 - Vancouver 1
TOP OF THE 5TH
Chicago White Sox batting - Pitching for Vancouver Cascades : RHP Dewitt Harris
Batting: SHB Logan McKinnie 0-0: Ball
1-0: Called Strike
1-1: Ground out 6-3 (Groundball, 6, EV 92.5 MPH)
Batting: RHB Marshall Freeman 0-0: Ground out 5-3 (Groundball, 56, EV 83.8 MPH)
Batting: SHB Eric Hughes 0-0: Foul Ball, location: 3SF
0-1: Foul Ball, location: 7LMF
0-2: Ball
1-2: Ball
2-2: SINGLE (Flyball, 6D, EV 92.5 MPH)
Batting: RHB Jaxon DeMeuse 0-0: Called Strike
0-1: Foul Ball, location: 3FF
0-2: Ball
1-2: Fielders Choice at 2nd, 6-4 (Groundball, 6, EV 88.1 MPH)
Top of the 5th over - 0 runs, 1 hit, 0 errors, 1 left on base; Chicago 0 - Vancouver 1
BOTTOM OF THE 5TH
Vancouver Cascades batting - Pitching for Chicago White Sox : LHP Lyle Lundquist
Batting: RHB Juan Izquierdo 0-0: Swinging Strike
0-1: Fly out, F9 (Flyball, 9D, EV 82.5 MPH)
Batting: RHB Jessie Cochran 0-0: Ball
1-0: Ball
2-0: Called Strike
2-1: Called Strike
2-2: SINGLE (Groundball, 4D, EV 98.1 MPH)
Batting: RHB Ron Felver 0-0: Called Strike
0-1: Ball
1-1: Ball
2-1: Grounds into double play, 6-4-3 (Groundball, 6S, EV 85.0 MPH)
Bottom of the 5th over - 0 runs, 1 hit, 0 errors, 0 left on base; Chicago 0 - Vancouver 1
TOP OF THE 6TH
Chicago White Sox batting - Pitching for Vancouver Cascades : RHP Dewitt Harris
Batting: LHB Rhett Bramwell 0-0: Foul Ball, location: 5SF
0-1: Foul Ball, location: 2F
0-2: TRIPLE (Line Drive, 89XD, EV 105.0 MPH)
Pitching: RHP Tony Young
Batting: SHB Nicodemo Alcorta 0-0: Called Strike
0-1: Foul Ball, location: 7LMF
0-2: Ball
1-2: Strikes out looking
Batting: LHB Noah DuBois 0-0: Ball
1-0: 2-RUN HOME RUN (Flyball, 89XD, EV 107.5 MPH), Distance : 402 ft
Batting: SHB Cristopher Betancourt 0-0: Called Strike
0-1: Ball
1-1: Foul Ball, location: 25F
1-2: Foul Ball, location: 3F
1-2: Ball
2-2: Foul Ball, location: 7LSF
2-2: Foul Ball, location: 3DF
2-2: Ball
3-2: Ground out U3 (Groundball, 3L, EV 85.6 MPH)
Batting: RHB Shaun Ferguson 0-0: Called Strike
0-1: Ball
1-1: Ball
2-1: Ground out 4-3 (Groundball, 4, EV 108.8 MPH)
Top of the 6th over - 2 runs, 2 hits, 0 errors, 0 left on base; Chicago 2 - Vancouver 1
BOTTOM OF THE 6TH
Vancouver Cascades batting - Pitching for Chicago White Sox : LHP Lyle Lundquist
Batting: SHB Asher Wurtz 0-0: Ground out 5-3 (Groundball, 56, EV 84.4 MPH)
Batting: LHB Rey Esparza 0-0: Swinging Strike
0-1: Ball
1-1: Ball
2-1: Called Strike
2-2: Ground out 6-3 (Groundball, 6, EV 89.4 MPH)
Batting: RHB Adam Young 0-0: Ball
1-0: Ball
2-0: Ball
3-0: Base on Balls
Batting: RHB Echo Warren 0-0: Ball
1-0: Ball
2-0: Ball
3-0: DOUBLE (Flyball, 89XD, EV 98.1 MPH)
Adam Young to third
Runner from 3rd tries for Home, SAFE, throw by RF to home
Batting: SHB Beau Koss 0-0: Ball
1-0: Foul Ball, location: 3F
1-1: Foul Ball, location: 2F
1-2: Ball
2-2: Ground out 5-3 (Groundball, 56S, EV 59.4 MPH)
Bottom of the 6th over - 1 run, 1 hit, 0 errors, 1 left on base; Chicago 2 - Vancouver 2
TOP OF THE 7TH
Chicago White Sox batting - Pitching for Vancouver Cascades : RHP Tony Young
Batting: SHB Logan McKinnie 0-0: Ball
1-0: Hit by Pitch
Batting: RHB Marshall Freeman 0-0: Swinging Strike
0-1: Foul Ball, location: 7LMFF
0-2: Strikes out swinging
Batting: SHB Eric Hughes 0-0: Foul Ball, location: 2F
0-1: SINGLE (Groundball, 5D, EV 103.8 MPH)
Logan McKinnie to second
Batting: RHB Jaxon DeMeuse 0-0: Called Strike
0-1: Ball
1-1: Foul Ball, location: 23F
1-2: Strikes out swinging
Batting: LHB Rhett Bramwell 0-0: Ball
1-0: Called Strike
1-1: Ground out 4-3 (Groundball, 4, EV 85.6 MPH)
Top of the 7th over - 0 runs, 1 hit, 0 errors, 2 left on base; Chicago 2 - Vancouver 2
BOTTOM OF THE 7TH
Vancouver Cascades batting - Pitching for Chicago White Sox : LHP Lyle Lundquist
Batting: LHB Lawrence Carla 0-0: Fly out, F3 (Popup, 3SF, EV 70.6 MPH)
Batting: RHB Juan Izquierdo 0-0: Ground out 5-3 (Groundball, 56S, EV 69.4 MPH)
Batting: RHB Jessie Cochran 0-0: Foul Ball, location: 2F
0-1: Ball
1-1: Foul Ball, location: 25FF
1-2: Ball
2-2: Fly out, F7 (Flyball, 7D, EV 93.1 MPH)
Bottom of the 7th over - 0 runs, 0 hits, 0 errors, 0 left on base; Chicago 2 - Vancouver 2
TOP OF THE 8TH
Chicago White Sox batting - Pitching for Vancouver Cascades : RHP Tony Young
Batting: SHB Nicodemo Alcorta 0-0: Ball
1-0: Called Strike
1-1: Foul Ball, location: 5F
1-2: Ball
2-2: Ground out 4-3 (Groundball, 4, EV 85.0 MPH)
Batting: LHB Noah DuBois 0-0: Ball
1-0: Called Strike
1-1: Fly out, F8 (Flyball, 8RM, EV 95.6 MPH)
Batting: SHB Cristopher Betancourt 0-0: Ball
1-0: Ball
2-0: Fly out, F8 (Line Drive, 78M, EV 108.8 MPH)
Top of the 8th over - 0 runs, 0 hits, 0 errors, 0 left on base; Chicago 2 - Vancouver 2
BOTTOM OF THE 8TH
Vancouver Cascades batting - Pitching for Chicago White Sox : LHP Lyle Lundquist
Pitching: RHP Júlio Díaz
Pinch Hitting: LHB Tony Wichmann 0-0: Ball
1-0: Called Strike
1-1: SINGLE (Groundball, 34D, EV 93.8 MPH)
Batting: SHB Asher Wurtz 0-0: Called Strike
0-1: Ball
1-1: Called Strike
1-2: Foul Ball, location: 2F
1-2: Foul Ball, location: 2F
1-2: Strikes out swinging
Batting: LHB Rey Esparza 0-0: Ball
1-0: Ball
2-0: Foul Ball, location: 2F
2-1: Called Strike
2-2: Grounds into double play, 6-4-3 (Groundball, 6, EV 102.5 MPH)
Bottom of the 8th over - 0 runs, 1 hit, 0 errors, 0 left on base; Chicago 2 - Vancouver 2
TOP OF THE 9TH
Chicago White Sox batting - Pitching for Vancouver Cascades : RHP Tony Young
Now in LF: Lawrence Carla
Now in CF: Frank Hare
Now in RF: Asher Wurtz
Batting: RHB Shaun Ferguson 0-0: Called Strike
0-1: Ball
1-1: Fly out, F9 (Flyball, 9D, EV 98.1 MPH)
Batting: SHB Logan McKinnie 0-0: Ball
1-0: Ground out U3 (Groundball, 3, EV 102.5 MPH)
Pinch Hitting: SHB Ryder Speyer 0-0: Foul Ball, location: 23F
0-1: Swinging Strike
0-2: Ball
1-2: Ball
2-2: Ball
3-2: Fly out, F8 (Flyball, 78D, EV 101.9 MPH)
Top of the 9th over - 0 runs, 0 hits, 0 errors, 0 left on base; Chicago 2 - Vancouver 2
BOTTOM OF THE 9TH
Vancouver Cascades batting - Pitching for Chicago White Sox : RHP Júlio Díaz
Now at C: Ryder Speyer
Pinch Hitting: LHB Tony Patino 0-0: Ball
1-0: Ground out 6-3 (Groundball, 6, EV 86.3 MPH)
Batting: RHB Echo Warren 0-0: Foul Ball, location: 2F
0-1: Fly out, F9 (Flyball, 89D, EV 85.6 MPH)
Batting: SHB Beau Koss 0-0: Called Strike
0-1: Ball
1-1: Foul Ball, location: 7LMF
1-2: Ball
2-2: Foul Ball, location: 23F
2-2: Ball
3-2: Ground out U3 (Groundball, 34S, EV 65.0 MPH)
Bottom of the 9th over - 0 runs, 0 hits, 0 errors, 0 left on base; Chicago 2 - Vancouver 2
TOP OF THE 10TH
Chicago White Sox batting - Pitching for Vancouver Cascades : RHP Tony Young
Pitching: RHP Hayden Nelson
Now at SS: Francis Moreland
Batting: SHB Eric Hughes 0-0: Fly out, F8 (Flyball, 8RD, EV 95.6 MPH)
Batting: RHB Jaxon DeMeuse 0-0: Ground out 6-3 (Groundball, 56D, EV 99.4 MPH)
Batting: LHB Rhett Bramwell 0-0: Ground out 1-3 (Groundball, 34S, EV 65.6 MPH)
Top of the 10th over - 0 runs, 0 hits, 0 errors, 0 left on base; Chicago 2 - Vancouver 2
BOTTOM OF THE 10TH
Vancouver Cascades batting - Pitching for Chicago White Sox : RHP Júlio Díaz
Pitching: RHP Lawson Riccitelli
Batting: LHB Lawrence Carla 0-0: Ground out U3 (Groundball, 34S, EV 87.5 MPH)
Batting: RHB Juan Izquierdo 0-0: Foul Ball, location: 2F
0-1: Ball
1-1: Foul Ball, location: 9LMF
1-2: Strikes out looking
Batting: RHB Jessie Cochran 0-0: SOLO HOME RUN (Flyball, 7LD, EV 95.0 MPH), Distance : 345 ft
Bottom of the 10th over - 1 run, 1 hit, 0 errors, 0 left on base; Chicago 2 - Vancouver 3
Tuesday, April 23rd , 2024 - OOTP Baseball 24.11 Build 85